AoeStats
← Kırmızı Balık

Arena

509438499Analyzed
3v3 RM · 5d ago on Sep 26, 2026· 40m 59s· 6 players
Game mode
Random Map
Map size
Normal (6 player)
Population
200
Speed
Normal
Resources
Standard
Victory
Conquest
Starting age
Dark Age
Ending age
Imperial Age
RankedLock teamsTeams togetherTeam positionsShared explorationLock speedFull tech treeHidden civsTurbo modeCheats
Victory
Defeat
🇹🇷 Burgundians · Türkiye
1414
+10
1298
+14
🇹🇷 Bohemians · Türkiye
1252
+16
🇺🇸 Saxons · United States
1286
-14
🇺🇸 Danes · United States
1272
-14
🇺🇸 Varangians · United States
1219
-12
Çiftetelli oynayan duş başlığı
10:22 Feudal Age
10:26 Feudal Age
14:39 Castle Age
13:40 Horse Collar
22:56 Scale Barding Armor
22:57 Heavy Plow
23:32 Husbandry
23:54 Forging
23:41 Gold Mining
25:13 Bloodlines
29:38 Imperial Age
28:11 Chain Barding Armor
29:24 Iron Casting
29:34 Coinage
30:18 Wheelbarrow
29:28 Town Watch
30:19 Loom
30:35 Town Patrol
31:03 Conscription
30:45 Howdah
31:49 Crop Rotation
33:30 Chemistry
33:00 Hand Cart
34:19 Plate Barding Armor
34:44 Blast Furnace
33:47 Elite Battle Elephant
36:46 Fletching
36:56 Padded Archer Armor
38:26 Devotion
38:09 Elite Skirmisher
39:09 Bodkin Arrow
MrBanana
10:33 Feudal Age
14:52 Castle Age
12:56 Double-Bit Axe
13:27 Horse Collar
16:18 Bow Saw
16:10 Heavy Plow
16:55 Fervor
17:49 Loom
23:49 Wheelbarrow
25:57 Hand Cart
30:29 Imperial Age
27:45 Town Watch
29:13 Chemistry
29:23 Forging
29:14 Scale Mail Armor
29:05 Fletching
28:48 Pikeman
29:29 Squires
29:14 Arson
29:48 Town Patrol
30:24 Ballistics
30:00 Murder Holes
30:19 Fortified Wall
30:59 Chain Mail Armor
31:20 Iron Casting
31:11 Bodkin Arrow
31:40 Conscription
31:19 Elite Skirmisher
32:55 Masonry
35:27 Padded Archer Armor
35:28 Bracer
35:52 Wagenburg Tactics
37:57 Leather Archer Armor
38:12 Plate Mail Armor
38:43 Blast Furnace
39:48 Ring Archer Armor
39:23 Scale Barding Armor
40:13 Houfnice
Kırmızı Balık
4:20 Double-Bit Axe
10:30 Feudal Age
14:51 Castle Age
13:18 Bow Saw
15:46 Forging
15:50 Light Cavalry
23:47 Horse Collar
28:33 Imperial Age
26:46 Fervor
26:43 Loom
27:32 Town Watch
29:00 Wheelbarrow
29:39 Block Printing
29:46 Sanctity
30:46 Chemistry
33:02 Ballistics
34:07 Fletching
36:22 Gold Mining
37:26 Heavy Plow
38:27 Two-Man Saw
38:04 Hand Cart
39:06 Gold Shaft Mining
38:21 Stone Mining
38:42 Padded Archer Armor
39:44 Stone Shaft Mining
39:39 Crop Rotation
39:25 Bodkin Arrow
39:46 Leather Archer Armor
41:17 Burgundian Vineyards
41:08 Treadmill Crane
fishouttawatr
11:24 Feudal Age
15:22 Castle Age
13:38 Double-Bit Axe
13:43 Horse Collar
16:42 Bow Saw
17:50 Loom
22:43 Heavy Plow
24:14 Gold Mining
24:18 Stone Mining
25:28 Wheelbarrow
25:19 Town Watch
29:59 Imperial Age
30:00 Imperial Age
28:18 Forging
28:14 Scale Barding Armor
29:13 Bloodlines
29:03 Husbandry
30:12 Iron Casting
30:03 Capped Ram
30:39 Cavalier
32:44 Chain Barding Armor
35:33 Squires
35:48 Elite Varangian Guard
38:12 Scale Mail Armor
39:16 Blast Furnace
39:15 Chain Mail Armor
38:43 Light Cavalry
eadohn20
11:35 Feudal Age
15:10 Castle Age
12:52 Horse Collar
12:58 Double-Bit Axe
15:24 Light Cavalry
16:32 Bow Saw
19:28 Heavy Plow
23:23 Wheelbarrow
30:26 Imperial Age
28:01 Fletching
28:26 Bloodlines
28:16 Husbandry
28:50 Ballistics
28:38 Loom
29:10 Hand Cart
28:58 Bodkin Arrow
29:38 Thumb Ring
32:08 Chemistry
31:09 Bracer
31:05 Cranequins
31:58 Gold Mining
32:28 Padded Archer Armor
32:44 Capped Ram
33:52 Siege Ram
36:08 Heavy Mounted Crossbowman
37:28 Scale Barding Armor
39:41 Leather Archer Armor
40:42 Gold Shaft Mining
40:59 Ring Archer Armor
sggamer12
11:54 Feudal Age
11:03 Loom
12:32 Double-Bit Axe
15:24 Castle Age
13:19 Stone Mining
14:01 Horse Collar
15:18 Gold Mining
24:08 Wheelbarrow
25:38 Scale Mail Armor
27:54 Pikeman
31:01 Forging
31:06 Chain Mail Armor
31:32 Squires
32:02 Chain Mail Armor
33:07 Iron Casting
34:10 Arson
36:03 Heavy Plow
38:59 Imperial Age
36:47 Hand Cart
37:49 Fletching
40:34 Plate Mail Armor
Connection lost

Rejoining the realm…

Still unreachable

The connection could not be restored.

Session expired

The server has moved on; the page needs a fresh start.